Map: Kairos Junction LE

Players

zeeeeeeeeerg - Winner!

  • Race: Zerg Zerg
  • League: Master
  • Spawn Location: 5:00

ljfed

  • Race: Terran Terran
  • League: Master
  • Spawn Location: 11:00

VOD

Have the link to the VOD?

Description

Time

  • Played on: March 8, 2019, 2:59 a.m.
  • Length: 16:02
Show
View Real Time Build Order
Export as new Build Order

zeeeeeeeeerg Zerg - Winner!

Build Orders: Pool First, Swarm Host 

Get SALT Encoding   

  12  0:01  Drone  
  13  0:08  Drone  
  14  0:26  Spawning Pool  
  13  0:29  Drone  
  14  0:37  Extractor  
  14  0:38  Drone  
  14  0:42  Overlord  
  15  1:03  Drone  
  16  1:13  Zergling x4  
  16  1:14  Zergling x2  
  19  1:24  Hatchery  
  18  1:26  Zergling x2  
  18  1:31  Queen  
  21  1:36  Drone  
  22  1:53  Overlord  
  22  2:11  Queen  
  24  2:16  Drone  
  24  2:17  Drone  
  24  2:19  Drone  
  25  2:34  Drone  
  25  2:36  Drone  
  26  2:39  Queen  
  26  2:41  Drone x3  
  30  2:46  Drone  
  30  2:47  Drone  
  32  2:54  Drone  
  33  2:59  Drone  
  35  3:05  Drone  
  35  3:09  Drone  
  36  3:19  Overlord  
  36  3:24  Extractor x2, Queen  
  36  3:27  Roach Warren  
  36  3:29  Drone  
  36  3:31  Evolution Chamber x2  
  36  3:33  Extractor  
  33  3:34  Extractor  
  33  3:36  Drone x4  
  36  3:43  Drone x2  
  38  3:50  Drone x4  
  42  3:56  Drone  
  42  4:01  Drone  
  44  4:18  Overlord  
  44  4:19  Overlord x2  
  44  4:29  Lair  
  44  4:38  Roach x6  
  56  4:52  Drone x6  
  62  5:01  Drone x2  
  64  5:13  Drone x2  
  66  5:26  Hatchery  
  66  5:28  Drone x3  
  68  5:35  Zerg Missile Weapons Level 1  
  68  5:36  Glial Reconstitution  
  68  5:49  Overlord x2  
  68  5:50  Overlord  
  68  6:04  Infestation Pit  
  68  6:09  Nydus Network  
  66  6:13  Overseer  
  66  6:15  Spore Crawler  
  66  6:16  Spore Crawler  
  64  6:23  Drone x6  
  70  6:34  Drone x3  
  73  6:41  Swarm Host x6  
  86  7:13  Nydus Canal, Swarm Host  
  86  7:15  Overlord x3  
  89  7:16  Overlord x2  
  89  7:17  Overlord  
  89  7:18  Overseer  
  85  7:43  Swarm Host  
  85  7:44  Swarm Host x13  
  124  7:53  Nydus Canal  
  124  8:02  Swarm Host  
  124  8:04  Overlord x3  
  121  8:55  Swarm Host x6  
  139  9:09  Overseer  
  139  9:18  Nydus Canal  
  139  9:23  Drone  
  139  9:24  Nydus Canal, Drone x6  
  146  9:25  Spine Crawler  
  146  9:26  Spine Crawler x2  
  146  9:28  Spine Crawler x2  
  146  9:30  Spine Crawler  
  140  9:42  Swarm Host x2  
  134  9:57  Swarm Host  
  134  9:59  Overlord x2  
  137  10:00  Overlord  
  137  10:10  Spine Crawler x2  
  137  10:11  Spine Crawler x2  
  137  10:13  Hydralisk Den  
  131  10:17  Drone x2  
  131  10:18  Drone x7  
  135  10:38  Overseer  
  135  10:40  Overseer  
  135  10:43  Hydralisk x4, Grooved Spines  
  135  10:45  Hydralisk  
  135  10:49  Drone  
  146  10:50  Queen x2  
  146  10:51  Drone x2  
  146  10:52  Drone  
  153  11:03  Hydralisk  
  153  11:04  Hydralisk x2  
  156  11:28  Spine Crawler  
  156  11:29  Spine Crawler  
  156  11:31  Spine Crawler  
  153  11:33  Nydus Canal  
  151  11:43  Drone  
  151  11:44  Drone x2  
  154  11:48  Nydus Canal  
  150  12:13  Hydralisk x8  
  151  12:21  Hydralisk  
  109  13:15  Hydralisk x6  
  107  13:48  Nydus Canal  
  107  13:52  Hydralisk x6  
  119  13:58  Queen x2  
  111  14:23  Swarm Host x4  
  123  14:34  Queen  
  121  14:44  Swarm Host  
  121  14:45  Swarm Host x3  
  113  14:56  Hydralisk x2  
  113  14:58  Nydus Canal  
  117  15:12  Swarm Host  
  117  15:13  Swarm Host  
  123  15:25  Nydus Canal  
Show
View Real Time Build Order
Export as new Build Order

ljfed Terran 

Build Orders: Gas First Reaper Expand 

Get SALT Encoding   

  12  0:01  SCV  
  13  0:13  SCV  
  14  0:17  Supply Depot  
  14  0:25  SCV  
  14  0:28  Refinery  
  15  0:38  SCV  
  16  0:44  Engineering Bay  
  16  0:48  Barracks  
  16  0:52  SCV  
  17  1:05  SCV  
  18  1:17  SCV  
  19  1:34  Orbital Command  
  19  1:35  Reaper  
  20  1:47  Command Center  
  20  1:58  Factory  
  20  2:02  SCV  
  20  2:07  Barracks Reactor  
  21  2:15  SCV  
  21  2:25  Supply Depot  
  21  2:28  SCV  
  20  2:40  Refinery, SCV  
  21  2:52  SCV  
  21  2:56  Hellion x2  
  26  3:01  Starport  
  26  3:04  SCV  
  27  3:07  Marine  
  28  3:16  SCV  
  28  3:19  Hellion  
  31  3:27  Barracks Tech Lab  
  31  3:32  Hellion, SCV  
  34  3:37  Orbital Command  
  34  3:44  SCV  
  34  3:48  Hellion  
  37  3:56  SCV  
  37  4:01  Viking  
  40  4:03  Stimpack  
  40  4:06  SCV  
  40  4:08  SCV  
  42  4:18  Marine, SCV  
  44  4:24  SCV  
  44  4:30  Factory Tech Lab  
  45  4:31  Barracks  
  45  4:32  Barracks  
  45  4:34  Starport Tech Lab  
  45  4:38  SCV  
  46  4:47  Supply Depot  
  46  4:54  Supply Depot  
  46  5:08  Marine  
  46  5:09  Siege Tank, SCV x2  
  46  5:11  Raven  
  54  5:21  SCV x2  
  56  5:26  Marine  
  56  5:33  SCV x2  
  58  5:36  Barracks Tech Lab  
  58  5:37  Barracks Reactor  
  58  5:40  Supply Depot  
  58  5:41  Siege Tank  
  61  5:45  SCV  
  61  5:49  Liberator  
  62  5:55  Command Center  
  62  6:02  Marine x2, SCV x2  
  69  6:11  Supply Depot  
  69  6:18  SCV  
  70  6:19  Marine, SCV  
  70  6:30  Combat Shield  
  70  6:33  Marine x2, Supply Depot x2, SCV x2  
  70  6:34  Supply Depot  
  70  6:37  Engineering Bay  
  70  6:38  Engineering Bay  
  74  6:42  Supply Depot  
  74  6:45  SCV  
  75  6:49  SCV  
  76  6:57  Marine x3, SCV  
  76  6:58  Marauder  
  82  7:01  SCV  
  82  7:08  Terran Infantry Weapons Level 1, Terran Infantry Armor Level 1  
  83  7:09  SCV  
  83  7:13  SCV  
  83  7:15  Marine  
  87  7:16  Supply Depot, Marauder  
  87  7:17  Refinery  
  87  7:21  Refinery  
  89  7:24  Barracks  
  88  7:37  Marine x2  
  88  7:38  Marine, Siege Tank  
  88  7:39  Concussive Shells  
  91  7:48  Marine  
  91  7:55  Marine  
  92  8:01  Marine x2  
  94  8:06  Marine  
  94  8:07  Medivac  
  94  8:08  Barracks x2  
  94  8:10  Siege Tank  
  100  8:23  SCV x2  
  102  8:33  Marine x2  
  102  8:34  Marine, Marauder  
  108  8:35  Barracks Reactor, SCV x2  
  108  8:39  Armory  
  109  8:48  Orbital Command, SCV  
  104  8:50  SCV  
  104  8:51  Marine x2  
  104  8:52  Marauder  
  104  8:53  Medivac  
  101  8:55  Marauder  
  102  9:04  Barracks Reactor  
  102  9:05  Barracks Tech Lab  
  102  9:06  Barracks  
  102  9:07  Barracks  
  102  9:09  Marine x2  
  92  9:10  Marine x2  
  92  9:13  Marauder  
  92  9:16  Marine  
  88  9:27  Marine x2, Armory, Supply Depot  
  88  9:28  Marine x2  
  92  9:34  Marine x2  
  93  9:43  Marine x2  
  93  9:44  Siege Tank, Marine x2, Marauder  
  101  9:46  Marine x2  
  107  9:52  Marauder  
  107  9:53  Marauder  
  107  9:54  Orbital Command  
  83  10:01  Marine x2  
  83  10:02  Marine x2  
  83  10:04  Marine x3  
  75  10:13  Marine x2  
  76  10:16  Siege Tank  
  76  10:19  Marine x2  
  76  10:20  Marine x2  
  83  10:22  Marine x3  
  84  10:31  Marine x2  
  84  10:34  SCV x2  
  88  10:36  Marine x2  
  88  10:38  SCV  
  88  10:41  Marauder  
  93  10:46  SCV x2  
  93  10:48  Hellion  
  97  10:51  SCV  
  98  10:58  SCV  
  98  10:59  Marine x5, SCV  
  98  11:00  Marine  
  98  11:01  Marine x3  
  109  11:10  Hellion  
  104  11:17  Marine x6  
  105  11:19  Marine  
  105  11:20  Marauder  
  105  11:21  Marauder  
  107  11:35  Marine x2  
  107  11:37  Marine  
  107  11:38  Marine x2  
  107  11:39  Marine  
  109  11:42  Marine x2  
  109  11:45  Marine  
  109  12:01  Marine x3  
  109  12:02  Marine  
  109  12:03  Siege Tank  
  70  12:23  Marine x2  
  70  12:27  Marine x3  
  68  12:35  Siege Tank  
  71  12:40  Marine  
  71  12:41  Marine x3  
  64  12:49  Marine x4  
  65  12:52  Orbital Command  
  65  12:54  Marine  
  65  12:56  Medivac x2  
  66  12:58  Marine x3  
  66  12:59  Marine  
  70  13:06  SCV x2  
  70  13:07  Marine x2, Siege Tank  
  70  13:09  Refinery  
  70  13:10  Refinery  
  73  13:17  Marauder x3  
  73  13:18  SCV x2  
  72  13:25  Marine  
  72  13:26  Marine x4  
  67  13:30  Marine, SCV x2  
  69  13:38  Marine x3  
  69  13:39  Siege Tank  
  73  13:42  SCV x2  
  73  13:43  Marine x2  
  73  13:44  Marine  
  73  13:49  Marine x3  
  73  13:54  SCV x2  
  77  14:06  SCV  
  68  14:11  Siege Tank, Marine  
  68  14:12  Marine  
  68  14:13  Marine  
  68  14:14  Marine x2  
  71  14:20  Marine x3  
  71  14:21  Marine  
  73  14:29  Command Center  
  73  14:30  Marine x4  
  68  14:31  Marine  
  64  14:43  Siege Tank  
  46  15:10  SCV  
  47  15:15  Siege Tank  
  50  15:24  Marine x2  
Tags
 
Add a new tag
Caveats
  • Supply blocks, unpowered buildings, or Contaminate may cause inaccurate times.
  • Supply counts are checked every 10 seconds.